 Dungeon Crawl Stone Soup version 0.25-a0-842-g81a31cfd23 (webtiles) character file.

Game seed: 16142263045520942442, levelgen mode: deterministic

94469 felid3rune the Eviscerator (level 15, -9/81 HPs)
             Began as a Felid Berserker on Apr 23, 2020.
             Was an Elder of Trog.
             Mangled by a nagaraja
             ... wielding a +0 spear
              (15 damage)
             ... on level 4 of the Snake Pit on Apr 24, 2020.
             The game lasted 02:00:56 (53560 turns).

felid3rune the Eviscerator (Felid Berserker)       Turns: 53560, Time: 02:00:58

Health: -9/81      AC:  3    Str: 15    XL:     15   Next: 63%
Magic:  0/21       EV: 23    Int: 15    God:    Trog [****..]
Gold:   299        SH:  0    Dex: 17    Spells: 14/14 levels left
                                        Lives:  0   Deaths: 5

rFire    . . .     SeeInvis +     - Unarmed
rCold    + . .     Gourm    .   (shield unavailable)
rNeg     . . .     Faith    .   (armour unavailable)
rPois    +         Spirit   +   (helmet unavailable)
rElec    .         Reflect  .   (cloak unavailable)
rCorr    .         Harm     .   (gloves unavailable)
MR       ++...                  (boots unavailable)
Stlth    ++++++++..             u - amulet of guardian spirit
HPRegen  0.23/turn              q - ring of flight
MPRegen  0.17/turn              s - ring of Jus Ifek {rPois Str-3 Int+4 Dex+2 SInv}

@: lethally poisoned (-9 -> -9), berserk cooldown, slowed, constricted, studying
Fighting, slow
A: very small, no armour, no weapons or thrown items, stealth, claws 1, fangs 3,
see invisible, carnivore, speed 1, shaggy fur 3, slow metabolism 1, sharp paws
a: Berserk, Trog's Hand, Brothers in Arms, Renounce Religion, Evoke Flight


You were on level 4 of the Snake Pit.
You worshipped Trog.
Trog was greatly pleased with you.
You were very hungry.

You visited 5 branches of the dungeon, and saw 31 of its levels.
You also visited: Ice Cave.

You collected 2709 gold pieces.
You spent 2410 gold pieces at shops.

Inventory:

Jewellery
 k - an uncursed ring of ice
 p - an uncursed amulet of regeneration
 q - a ring of flight (left paw)
 s - the ring of Jus Ifek (right paw) {rPois Str-3 Int+4 Dex+2 SInv}
   (You bought it in a shop on level 2 of the Snake Pit)

   [ring of dexterity]

   It affects your strength (-3).
   It affects your intelligence (+4).
   It affects your dexterity (+2).
   It protects you from poison.
   It lets you see invisible.
 u - an amulet of guardian spirit (around neck)
 I - the ring "Vaippe Opuu" {Fire Str+6}
   (You acquired it on level 2 of the Orcish Mines)

   [ring of fire]

   It enhances your fire magic.
   It affects your strength (+6).
   It protects you from fire.
   It makes you vulnerable to cold.
 J - a +2 ring of evasion
 K - an uncursed amulet of the acrobat
 P - an uncursed ring of protection from fire
Wands
 g - a wand of random effects (24)
 n - a wand of flame (39)
 w - a wand of polymorph (23)
 z - a wand of iceblast (19)
 H - a wand of enslavement (13)
 L - a wand of disintegration (12)
 M - a wand of paralysis (17)
 N - a wand of scattershot (7)
Scrolls
 e - 5 scrolls of immolation
 f - 2 scrolls of vulnerability
 h - 16 scrolls of remove curse
 i - 4 scrolls of teleportation
 r - a scroll of blinking
 y - 2 scrolls of identify
 F - 2 scrolls of fog
 G - 3 scrolls of torment
Potions
 b - 5 potions of flight
 j - 6 potions of stabbing
 l - 2 potions of invisibility
 m - 5 potions of brilliance
 o - 3 potions of ambrosia
 t - 6 potions of might
 v - 4 potions of lignification
 x - a potion of curing
 C - 4 potions of mutation
 D - 5 potions of haste
 E - 2 potions of cancellation
 O - a potion of resistance
 Q - a potion of heal wounds
Books
 d - a manual of Fighting
Miscellaneous
 c - a phantom mirror
 A - a phial of floods
 B - a lightning rod (4/4)
Comestibles
 a - 63 rations


   Skills:
 + Level 17.7 Fighting
 - Level 10.0 Dodging
 + Level 18.9 Stealth
 * Level 23.4 Unarmed Combat
 + Level 7.3 Evocations


You had 14 spell levels left.
You didn't know any spells.
Your spell library was empty.

Dungeon Overview and Level Annotations

Branches:
Dungeon (15/15)            Temple (0/1) D:5            Lair (6/6) D:11
  Swamp (4/4) Lair:2        Snake (4/4) Lair:2        Slime (0/5) Lair:6
    Orc (2/2) D:12            Elf (0/3) Orc:2        Vaults (0/5) D:13
 Depths (0/5) D:15          IceCv (visited)

Altars:
Ashenzari
Cheibriados
Dithmenos
Elyvilon
Fedhas
Hepliaklqana
Kikubaaqudgha
Nemelex Xobeh
Qazlal
Ru
Trog
Xom
Yredelemnul
Beogh

Shops:
D:12 [   Orc:2 [*:?   Snake:1 [   Snake:2 =**   Snake:4 !

Portals:
Pandemonium: Orc:2

Annotations:
D:10 1 runed translucent door, exclusion: door, Necrophagist's ghost, novice DECj
Lair:4 1 runed translucent door, Thargor's ghost, journeyman GnEE
Lair:6 Nessos
Swamp:4 exclusions: spriggan druid and thorn hunter, Lernaean hydra
Snake:2 Roxanne
Snake:3 Vashnia
Snake:4 3 exclusions


Innate Abilities, Weirdness & Mutations

You cannot wear armour.
You are incapable of wielding weapons or throwing items.
Your paws allow you to move quietly. (Stealth)
You have sharp claws.
You have razor-sharp teeth.
You have supernaturally acute eyesight. (SInv)
You are carnivorous and can eat meat at any time.
You cover ground quickly.
Your thick and shaggy fur keeps you warm. (AC +3, rC+)
You have a slow metabolism.
Your sharp claws are effective at attacking unaware monsters.


Message History

The lance of force misses you. The nagaraja completely misses you.
The nagaraja grabs you. The nagaraja constricts you.
You claw the nagaraja!
The nagaraja is lightly wounded.
The nagaraja hits you with a +0 spear! The nagaraja constricts you.
You barely miss the nagaraja.
The nagaraja is lightly wounded.
You feel sick. The nagaraja hits you with a +0 spear!
The nagaraja constricts you.
You mangle the nagaraja!!
The nagaraja is moderately wounded.
The nagaraja hits you with a +0 spear! The nagaraja constricts you.
The nagaraja misses you. The nagaraja constricts you.
Your two-headed ogre goes berserk!
You are feeling very hungry.
Trog will no longer gift you weapons.
You feel sick. The nagaraja hits you with a +0 spear!!
* * * LOW HITPOINT WARNING * * *
x2 The nagaraja constricts you.
The nagaraja hits you with a +0 spear!
You die...

##......# ####.####..)))....[...)
#.....####..[.##..[..######.....
##...#........<......=# ##.....
.#...######...........#####....##
.........[[)##.........)....#####
)......####.#########.......#...#
##...#.##.....########......[....
....##..#......[..([##..).......#
....###.##......@NO..#.....######
......#.#########)(..#.....#
##....###..)...).(..##.....#
#...##....)......###......###
#...#.....########..........#
#...#....###................#
##.####.....####..###.....#.##
....####.......##.# #...#...#####
.....####.....N.#.# #####......)#


You could see a nagaraja and a friendly two-headed ogre (berserk).

Vanquished Creatures
  Jorgrun (Snake:1)
  Gastronok (Lair:1)
  Kirke (Lair:4)
  9 nagarajas
  Aizul (Snake:3)
  2 very ugly things
  Fannar (Lair:1)
  4 vault guards (D:13)
  A shambling mangrove (Swamp:2)
  11 hydras
  A ghost crab (Swamp:4)
  7 naga warriors
  3 centaur warriors
  8 anacondas
  A death knight (D:15)
  An ogre mage (D:15)
  12 alligators
  3 death yaks (Lair:4)
  3 two-headed ogres
  5 naga sharpshooters
  6 orc high priests (Orc:2)
  A sun demon (Orc:2)
  3 shock serpents
  Urug (Lair:5)
  Sonja (Lair:1)
  A sixfirhy (Orc:2)
  3 salamander mystics
  2 unseen horrors (D:14)
  6 naga ritualists
  A glowing orange brain (D:15)
  A spriggan druid (Swamp:3)
  A torturous demonspawn (Orc:2)
  10 swamp dragons (Swamp:4)
  6 orc knights (Orc:2)
  A wolf spider zombie (D:15)
  5 mana vipers
  3 manticores
  6 orc sorcerers (Orc:2)
  A deep elf mage (D:15)
  A cyclops (D:14)
  A cyclops (shapeshifter) (D:15)
  2 oklob plants (Snake:1)
  7 ugly things
  10 elephants
  13 salamanders
  4 centaur zombies
  11 guardian serpents (Snake:4)
  15 naga magi
  A smoke demon (Orc:2)
  A torpor snail (shapeshifter) (D:14)
  2 torpor snails
  28 black mambas
  36 spiny frogs
  An orange demon (Orc:2)
  2 freezing wraiths
  A komodo dragon (shapeshifter) (D:15)
  8 komodo dragons
  A hellwing (Orc:2)
  4 ice devils (IceCv)
  A red devil (Orc:2)
  A tengu conjurer (D:15)
  A harpy zombie (D:15)
  2 trolls
  13 hornets
  A troll (shapeshifter) (D:14)
  9 tyrant leeches
  2 polar bears
  A queen bee (shapeshifter) (D:13)
  Grinder (D:3)
  A harpy skeleton (D:15)
  21 slime creatures
  23 blink frogs
  6 bog bodies
  7 hippogriffs
  2 shadows
  A vampire (D:14)
  8 spriggans
  Sigmund (D:2)
  6 wyverns
  A hog (Lair:4)
  34 yaks
  8 humans (D:13)
  2 wraiths (D:15)
  28 vampire mosquitoes
  A hungry ghost (D:14)
  A chaos spawn (Orc:2)
  A basilisk (D:11)
  4 wargs (Orc:2)
  13 swamp worms
  48 nagas
  5 porcupines
  Duvessa (D:7)
  6 water moccasins
  3 ice beasts
  10 swamp drakes
  3 black bears
  38 orc warriors
  5 sky beasts
  4 eyes of draining
  8 wolves (Lair:5)
  11 ogres
  14 crocodiles
  6 centaurs
  2 big kobolds
  A gnoll sergeant (D:8)
  26 bullfrogs
  A wyvern zombie (D:11)
  A wyvern skeleton (D:7)
  Dowan (D:7)
  3 scorpions
  4 killer bees (D:7)
  7 wights
  4 electric eels
  3 howler monkeys
  4 crimson imps
  A quasit (D:13)
  2 jellies
  8 hounds
  25 orc priests
  18 orc wizards
  A bullfrog skeleton (D:8)
  6 iguanas
  17 worker ants
  13 hell rats
  A killer bee zombie (D:6)
  A hound skeleton (D:9)
  A howler monkey zombie (D:8)
  3 worker ant zombies
  6 adders
  12 gnolls
  A shadow imp (D:9)
  An ooze (D:3)
  An adder skeleton (D:4)
  An adder zombie (D:8)
  7 worms
  5 dart slugs
  3 leopard geckos
  92 orcs
  A ball python (D:4)
  11 giant cockroaches
  10 goblins
  8 hobgoblins
  23 jackals
  4 quokkas
  9 bats
  4 frilled lizards
  11 kobolds
  A leopard gecko skeleton (D:5)
  A quokka skeleton (D:6)
  6 rats
  A butterfly (D:5)
1020 creatures vanquished.

Vanquished Creatures (collateral kills)
  Harold (D:10)
  3 hydras
  A naga warrior (Snake:4)
  An anaconda (Snake:4)
  A two-headed ogre (D:12)
  An orc high priest (Orc:2)
  2 sea snakes (Snake:3)
  A naga ritualist (Snake:4)
  An orc knight (Orc:2)
  3 ugly things
  An elephant (Lair:4)
  A black mamba (Snake:3)
  A naga mage (Snake:4)
  A gargoyle (D:12)
  A spiny frog (Swamp:4)
  A troll (D:14)
  2 hippogriffs
  A vampire (D:10)
  5 yaks (D:11)
  A hog (Lair:4)
  A naga (Snake:3)
  An orc warrior (Orc:2)
  An eye of draining (D:14)
  A centaur (D:10)
  A crocodile (Lair:1)
  A crimson imp (D:12)
  2 orc priests (Orc:2)
  2 orcs (D:11)
  A fungus (Lair:1)
41 creatures vanquished.

Vanquished Creatures (others)
  2 ugly things (D:14)
  A black mamba (Snake:4)
  4 humans (Lair:4)
  2 bushes (Lair:6)
  33 fungi
  80 plants
122 creatures vanquished.

Grand Total: 1183 creatures vanquished

Notes
Turn   | Place    | Note
-------+----------+-------------------------------------------
     0 | D:1      | felid3rune the Felid Berserker began the quest for the Orb.
     0 | D:1      | Reached XP level 1. HP: 10/10 MP: 2/2
   278 | D:1      | Reached XP level 2. HP: 11/14 MP: 3/3
   999 | D:1      | Reached XP level 3. HP: 12/17 MP: 4/4
  1336 | D:2      | Reached ** piety under Trog
  1341 | D:2      | Reached skill level 4 in Unarmed Combat
  1463 | D:2      | Reached XP level 4. HP: 18/21 MP: 5/5
  1469 | D:2      | Slain by a gnoll
  1470 | D:2      | Reached XP level 3. HP: -2/17 MP: 4/4
  1664 | D:2      | Found a white marble altar of Elyvilon.
  1734 | D:2      | Noticed Sigmund
  1751 | D:2      | Killed Sigmund
  1751 | D:2      | Reached skill level 5 in Dodging
  1751 | D:2      | Reached skill level 5 in Unarmed Combat
  1751 | D:2      | Reached XP level 4. HP: 22/22 MP: 5/5
  1751 | D:2      | Reached XP level 5. HP: 25/25 MP: 6/6
  2382 | D:2      | Found a blossoming altar of Fedhas.
  2722 | D:3      | Noticed Grinder
  2726 | D:3      | Paralysed by Grinder for 5 turns
  2742 | D:3      | Killed Grinder
  2742 | D:3      | Gained mutation: You are covered in thick fur. (AC +2)
                  | [Felid growth]
  2742 | D:3      | Reached XP level 6. HP: 21/29 MP: 7/7
  3037 | D:3      | Reached skill level 6 in Unarmed Combat
  3300 | D:3      | Found a sparkling altar of Nemelex Xobeh.
  3397 | D:3      | Found a bloodstained altar of Trog.
  3409 | D:3      | Reached XP level 7. HP: 27/33 MP: 1/8
  3423 | D:3      | Reached skill level 5 in Fighting
  3500 | D:4      | Reached *** piety under Trog
  3659 | D:4      | Reached skill level 7 in Unarmed Combat
  3816 | D:4      | Found a basalt altar of Yredelemnul.
  4339 | D:5      | Entered Level 5 of the Dungeon
  4428 | D:5      | Reached XP level 8. HP: 24/37 MP: 9/9
  4646 | D:5      | Found a staircase to the Ecumenical Temple.
  4772 | D:5      | Found a shattered altar of Ashenzari.
  4886 | D:5      | Found a runed translucent door.
  4898 | D:5      | Found a runed translucent door.
  4902 | D:5      | Reached skill level 8 in Unarmed Combat
  5697 | D:6      | Found an ancient bone altar of Kikubaaqudgha.
  5746 | D:6      | Reached skill level 9 in Unarmed Combat
  6307 | D:6      | Found a snail-covered altar of Cheibriados.
  6495 | D:7      | Reached XP level 9. HP: 40/40 MP: 10/10
  6646 | D:7      | Reached skill level 10 in Unarmed Combat
  6669 | D:7      | Noticed Dowan
  6671 | D:7      | Noticed Duvessa
  6676 | D:7      | Found a shadowy altar of Dithmenos.
  6724 | D:7      | Killed Duvessa
  6724 | D:7      | Reached **** piety under Trog
  6733 | D:7      | Killed Dowan
  6855 | D:7      | Reached skill level 10 in Dodging
  7273 | D:8      | Reached skill level 11 in Unarmed Combat
  7274 | D:8      | Noticed a two-headed ogre
  7284 | D:8      | Killed a two-headed ogre
  7351 | D:8      | Found a stormy altar of Qazlal.
  7384 | D:8      | Reached skill level 12 in Unarmed Combat
  7391 | D:8      | Reached XP level 10. HP: 33/44 MP: 11/11
  7574 | D:8      | Reached skill level 1 in Evocations
  7854 | D:8      | Found a sacrificial altar of Ru.
  7854 | D:8      | Found a stormy altar of Qazlal.
  8306 | D:9      | Found a hazy altar of Hepliaklqana.
  9434 | D:9      | Reached ***** piety under Trog
  9485 | D:10     | Entered Level 10 of the Dungeon
  9552 | D:10     | Noticed Harold
  9570 | D:10     | Killed Harold
  9571 | D:10     | Reached skill level 13 in Unarmed Combat
 10436 | D:10     | Found a runed translucent door.
 10436 | D:10     | Found a shimmering altar of Xom.
 10436 | D:10     | Noticed Necrophagist's ghost (novice DECj)
 10437 | D:10     | Noticed a +2 scimitar of chaos
 10776 | D:11     | Noticed a green ugly thing
 10802 | D:11     | Killed a green ugly thing
 10898 | D:11     | Reached XP level 11. HP: 51/51 MP: 15/15
 10905 | D:11     | Reached skill level 5 in Evocations
 11808 | D:11     | Found a staircase to the Lair.
 11816 | D:11     | Reached skill level 14 in Unarmed Combat
 12416 | D:12     | Found Kuopnutt's Armour Shoppe.
 12577 | D:12     | Noticed a green ugly thing
 12586 | D:12     | Killed a green ugly thing
 12734 | D:12     | Noticed a two-headed ogre
 12739 | D:12     | Killed a two-headed ogre
 12739 | D:12     | Reached skill level 10 in Fighting
 12903 | D:12     | Found a bloodstained altar of Trog.
 12962 | D:12     | Found a staircase to the Orcish Mines.
 12979 | D:12     | Found a shadowy altar of Dithmenos.
 13549 | Orc:1    | Entered Level 1 of the Orcish Mines
 13624 | D:13     | Noticed a vault guard
 13624 | D:13     | Noticed a vault guard
 13626 | D:13     | Noticed a vault guard
 13698 | D:14     | Noticed an unseen horror
 13722 | D:14     | Killed an unseen horror
 13781 | D:14     | Reached skill level 15 in Unarmed Combat
 14009 | D:14     | Gained mutation: Your thick and shaggy fur keeps you warm.
                  | (AC +3, rC+) [Felid growth]
 14009 | D:14     | Reached XP level 12. HP: 51/61 MP: 16/16
 14499 | D:13     | Killed a vault guard
 15282 | D:13     | Identified the cursed +3 glaive of Kusm {drain, *Corrode
                  | rPois Str+7 Dex-2}
 15311 | D:13     | Killed a vault guard
 15343 | D:13     | Noticed a vault guard
 15363 | D:13     | Killed a vault guard
 15527 | D:13     | Killed a vault guard
 15527 | D:13     | Reached skill level 15 in Fighting
 15621 | D:13     | Reached skill level 1 in Stealth
 15795 | D:13     | Found a gate to the Vaults.
 16268 | D:14     | Noticed a centaur warrior
 16298 | D:14     | HP: 1/65 [centaur/arrow[a centaur warrior] (10)]
 16298 | D:14     | Mangled by a centaur warrior
 16299 | D:14     | Reached XP level 11. HP: -12/61 MP: 15/15
 16309 | D:14     | Killed a centaur warrior
 16511 | D:14     | Noticed a red ugly thing
 16524 | D:14     | Killed a purple ugly thing
 16541 | D:14     | Killed a purple ugly thing
 16542 | D:14     | Killed a purple ugly thing
 16542 | D:14     | Reached XP level 12. HP: 10/65 MP: 16/16
 17012 | D:15     | Entered Level 15 of the Dungeon
 17093 | Lair:1   | Entered Level 1 of the Lair of Beasts
 17140 | Lair:1   | Reached skill level 5 in Stealth
 17201 | Lair:1   | Found a frozen archway.
 17211 | IceCv    | Entered an ice cave
 17661 | Lair:1   | Noticed Fannar
 17744 | Lair:1   | Killed Fannar
 17811 | Lair:1   | Noticed Gastronok
 17849 | Lair:1   | Killed Gastronok
 17849 | Lair:1   | Reached skill level 16 in Unarmed Combat
 17959 | Lair:1   | Noticed a four-headed hydra
 18005 | Lair:1   | Killed a four-headed hydra
 18061 | Lair:1   | Noticed Sonja
 18070 | Lair:1   | Killed Sonja
 18188 | Lair:1   | Noticed an eight-headed hydra
 18201 | Lair:1   | Killed an eight-headed hydra
 18479 | Lair:2   | Noticed a six-headed hydra
 18618 | Lair:2   | Found a staircase to the Swamp.
 18642 | Lair:2   | Noticed a five-headed hydra
 18717 | Lair:2   | Killed a five-headed hydra
 19052 | Lair:2   | Killed a six-headed hydra
 19654 | Lair:2   | Found a staircase to the Snake Pit.
 19924 | Lair:2   | Reached XP level 13. HP: 69/69 MP: 17/17
 21259 | Lair:4   | Reached skill level 17 in Unarmed Combat
 22152 | Lair:4   | Noticed Kirke
 22177 | Lair:4   | Reached skill level 10 in Stealth
 22182 | Lair:4   | Killed Kirke
 22495 | Lair:4   | Found a runed translucent door.
 22495 | Lair:4   | Found a shimmering altar of Xom.
 22495 | Lair:4   | Noticed Thargor's ghost (journeyman GnEE)
 22800 | Lair:4   | Upgraded the game from 0.25-a0-834-g55863b0b92 to
                  | 0.25-a0-842-g81a31cfd23
 23382 | Lair:5   | Noticed Urug
 23391 | Lair:5   | Killed Urug
 23681 | Lair:5   | Reached skill level 18 in Unarmed Combat
 24261 | Lair:5   | You fall into a shaft and drop 1 floor!
 24261 | Lair:6   | Entered Level 6 of the Lair of Beasts
 25003 | Lair:6   | Reached XP level 14. HP: 73/73 MP: 15/18
 26210 | Lair:6   | Reached skill level 19 in Unarmed Combat
 26690 | Lair:6   | Noticed Nessos
 26699 | Lair:6   | Shot with an arrow by Nessos
 26700 | Lair:6   | Reached XP level 13. HP: -4/69 MP: 0/17
 27193 | Lair:6   | Found a staircase to the Slime Pits.
 27780 | Lair:6   | Found the +8 whip "Snakebite" {curare, rPois}
 28808 | D:15     | Reached skill level 20 in Unarmed Combat
 28828 | D:15     | HP: 1/103 [death knight/+3 broad axe of distortion (10)]
 29560 | D:15     | Reached XP level 14. HP: 73/73 MP: 18/18
 30252 | D:15     | Found a staircase to the Depths.
 30776 | Orc:2    | Entered Level 2 of the Orcish Mines
 31955 | Orc:2    | Found a roughly hewn altar of Beogh.
 32209 | Orc:2    | Found a staircase to the Elven Halls.
 32887 | Orc:2    | HP: 3/73 [orc/+0 trident[an orc high priest] (7)]
 33693 | Orc:2    | Found Ufauk's Magic Scroll Shoppe.
 34352 | Orc:2    | Found Tath's General Store.
 34821 | Orc:2    | Reached skill level 21 in Unarmed Combat
 35136 | Orc:2    | Bought a scroll of acquirement for 624 gold pieces
 35140 | Orc:2    | Bought a scroll of teleportation for 39 gold pieces
 35140 | Orc:2    | Bought a scroll of fog for 26 gold pieces
 35140 | Orc:2    | Bought a scroll of identify for 26 gold pieces
 35140 | Orc:2    | Bought a scroll of fear for 45 gold pieces
 35140 | Orc:2    | Bought a scroll of magic mapping for 45 gold pieces
 35140 | Orc:2    | Bought 2 scrolls of identify for 52 gold pieces
 35140 | Orc:2    | Identified the ring "Vaippe Opuu" {Fire Str+6} (You
                  | acquired it on level 2 of the Orcish Mines)
 35923 | Orc:2    | Found Tuwkoopo's Antique Armour Boutique.
 35923 | Orc:2    | Found Demao's Book Shop.
 35923 | Orc:2    | Found a one-way gate leading to the halls of Pandemonium.
 36236 | Snake:1  | Entered Level 1 of the Snake Pit
 37029 | Snake:1  | Noticed Jorgrun
 37061 | Snake:1  | Killed Jorgrun
 37191 | Snake:1  | Found Osyhebo's Antique Armour Shop.
 37222 | Snake:1  | Reached XP level 15. HP: 66/77 MP: 10/19
 38021 | Snake:2  | Noticed Roxanne
 38400 | Snake:2  | Found Cibruob's General Store.
 38404 | Snake:2  | Found Waubit's General Store.
 38405 | Snake:2  | Found Xefaeseguo's Jewellery Shop.
 38408 | Snake:2  | Bought a scroll of acquirement for 624 gold pieces
 38412 | Snake:2  | Bought a scroll of teleportation for 57 gold pieces
 38412 | Snake:2  | Bought a scroll of identify for 38 gold pieces
 39483 | Snake:3  | Noticed a nagaraja
 39498 | Snake:3  | Killed a nagaraja
 39665 | Snake:3  | Noticed Aizul
 39688 | Snake:3  | Killed Aizul
 39693 | Snake:3  | HP: 2/77 [naga sharpshooter/arrow (2)]
 39694 | Snake:3  | Mangled by an anaconda
 39695 | Snake:3  | Reached XP level 14. HP: -7/73 MP: 0/18
 39704 | Snake:3  | Noticed Vashnia
 39809 | Snake:3  | Reached skill level 22 in Unarmed Combat
 39912 | Snake:3  | Noticed a nagaraja
 39935 | Snake:3  | Killed a nagaraja
 40562 | Snake:3  | Reached skill level 15 in Stealth
 40750 | Snake:3  | Noticed a nagaraja
 40757 | Snake:3  | Killed a nagaraja
 41521 | Snake:4  | Entered Level 4 of the Snake Pit
 41521 | Snake:4  | Noticed a nagaraja
 41527 | Snake:4  | Killed a nagaraja
 41591 | Snake:2  | Bought the ring of Jus Ifek {rPois Str-3 Int+4 Dex+2 SInv}
                  | for 400 gold pieces
 41675 | Swamp:1  | Entered Level 1 of the Swamp
 41848 | Swamp:1  | Noticed a red very ugly thing
 41865 | Swamp:1  | Killed a red very ugly thing
 42578 | Swamp:1  | Reached XP level 15. HP: 45/78 MP: 10/19
 46407 | Swamp:4  | Entered Level 4 of the Swamp
 47756 | Swamp:4  | Noticed a thorn hunter
 48420 | Snake:4  | Found Dutoh's Distillery.
 48426 | Snake:4  | Bought a potion of ambrosia for 112 gold pieces
 48426 | Snake:4  | Bought a potion of curing for 42 gold pieces
 48426 | Snake:4  | Bought a potion of heal wounds for 70 gold pieces
 48426 | Snake:4  | Bought a potion of heal wounds for 70 gold pieces
 48429 | Snake:4  | Bought a potion of resistance for 140 gold pieces
 48450 | Snake:4  | Noticed a nagaraja
 48539 | Snake:4  | Killed a nagaraja
 48663 | Snake:4  | Noticed a nagaraja
 48674 | Snake:4  | Killed a nagaraja
 49100 | Snake:4  | Noticed a nagaraja
 49120 | Snake:4  | Killed a nagaraja
 49479 | Snake:4  | Noticed a nagaraja
 49508 | Snake:4  | Reached skill level 23 in Unarmed Combat
 49523 | Snake:4  | Killed a nagaraja
 49523 | Snake:4  | Reached XP level 16. HP: 78/84 MP: 12/21
 51831 | Swamp:4  | Noticed the 27-headed Lernaean hydra
 53030 | Snake:4  | Slain by an anaconda
 53031 | Snake:4  | Reached XP level 15. HP: -4/81 MP: 0/21
 53278 | Snake:4  | Noticed a nagaraja
 53560 | Snake:4  | Mangled by a nagaraja

Levels and vault maps discovered:
D:1:      psy_arrival_radial01, layout_basic
D:2:      layout_loops_corners, fedhas_altar_4, lemuel_doored_altar,
          minmay_split_cup_large, uniq_sigmund
D:3:      layout_basic, nemelex_xobeh_ov_fountains_minmay,
          trog_eyes_of_draining, minivault_4, uniq_grinder
D:4:      layout_gridville, overflow_temple_1_default, grunt_ministairs_10,
          minmay_crystal_water
D:5:      lemuel_insect_pit, layout_basic, nicolae_ashenzari_panopticon,
          minmay_temple_entry_arrows, first_ration
D:6:      layout_loops_ring, overflow_temple_1_default, cheibrodos_worm_habitat
D:7:      layout_basic, kennysheep_mini_moat, the_bakery, uniq_duvessa
D:8:      black_bear_nest_1, layout_gridville, gammafunk_temple_overflow_wave,
          basic_altar
D:9:      layout_basic, basic_altar
D:10:     layout_long_grid, ebering_ghost_xom, lightli_orcish_oven, uniq_harold
D:11:     layout_loops_ring, david_lair_generic, chequers_serial_rivers_small_3
D:12:     layout_layer_cave, orc_0_dummy, serial_shops, shop_statue,
          basic_altar, nicolae_dithmenos_the_darkroom
D:13:     layout_cross, ximxim_vaults_locker_room, serial_bayou,
          serial_bayou_pond_e, serial_bayou_lagoon_a, serial_bayou_crossing,
          serial_bayou_shore_b
D:14:     layout_rooms, minmay_misc_feat_diagonals, minmay_misc_feat_hallway
D:15:     gammafunk_enter_depths_forms, layout_irregular_city, minivault_24
Lair:1:   layout_loops_ring, portal_ice_cave_entry_pillars_2,
          chequers_serial_rivers_small_a, st_stairs_13,
          cheibrodos_lair_reptile_den, infiniplex_staircase_pool_2,
          uniq_gastronok, uniq_sonja, uniq_fannar
Lair:2:   layout_regular_city, swamp_mist, minmay_snake_entry_guardpost_medium,
          serial_rivers, chequers_serial_rivers_room_a,
          chequers_serial_rivers_room_a, chequers_serial_rivers_micro_b,
          chequers_serial_rivers_micro_c, infiniplex_staircase_pool
Lair:3:   layout_gridlike
Lair:4:   layout_regular_city, ebering_ghost_xom, beast_lair_carwin_4,
          uniq_kirke
Lair:5:   layout_loops_ring, uniq_urug
Lair:6:   minmay_lair_end_frog_pond, layout_cave_pods, slime_dummy, uniq_nessos
Swamp:1:  layout_falls_marsh, hangedman_swamp_pad, swamp_pool3
Swamp:2:  layout_basic_swamp, nicolae_swamp_orc_logging_accident
Swamp:3:  layout_basic_swamp, nicolae_swamp_feature_on_the_river_bank,
          swamp_pool1
Swamp:4:  swamp_old_school, layout_basic_swamp
Snake:1:  dpeg_oklob_gauntlet, layout_gridlike, serial_shops, shop,
          grunt_megastairs_2, uniq_jorgrun
Snake:2:  layout_gridlike, minmay_shop_star, uniq_roxanne
Snake:3:  layout_basic, serial_bayou_shore_a, uniq_vashnia, uniq_aizul
Snake:4:  grunt_snake_rune_serpentine_throne, layout_misc_corridors,
          serial_shops, shop
Orc:1:    layout_diamond_mine
Orc:2:    pf_orc_diabolical, layout_diamond_mine, basic_altar,
          guppyfry_library_mini

Skill      XL: |  1  2  3  4  5  6  7  8  9 10 11 12 13 14 15 16 |
---------------+-------------------------------------------------+-----
Unarmed Combat | 5 6 7 9 12 13 15 16 20 22 23 | 23.4
Fighting       | 4 5 8 12 15 16 17 | 17.7
Dodging        | 5 6 7 9 10 | 10.0
Evocations     | 4 5 7 |  7.3
Stealth        | 4 8 10 15 18 | 18.9

Action                   |  1- 3 |  4- 6 |  7- 9 | 10-12 | 13-15 | 16-18 || total
-------------------------+-------+-------+-------+-------+-------+-------++-------
Melee: Unarmed           |   123 |   110 |   258 |   775 |  1744 |   221 ||  3231
       Bite              |    12 |     9 |    26 |   102 |   193 |    26 ||   368
       Punch             |     2 |     3 |    12 |    55 |   181 |    22 ||   275
Invok: Berserk           |     8 |     4 |    13 |    37 |    73 |     9 ||   144
       Trog's Hand       |     1 |     3 |     7 |    14 |    35 |     6 ||    66
       Brothers in Arms  |       |       |       |    14 |     9 |     4 ||    27
 Abil: Evoke Flight      |       |       |       |       |     2 |     2 ||     4
       Stop Flying       |       |       |       |       |       |     1 ||     1
Evoke: Wand              |       |       |     2 |    17 |     1 |       ||    20
       Lightning rod     |       |       |       |       |     7 |       ||     7
       Phial of floods   |       |       |       |       |     2 |       ||     2
  Use: Scroll            |       |       |     1 |    16 |    41 |     1 ||    59
       Potion            |       |       |       |     3 |     3 |     1 ||     7
 Stab: Sleeping          |     1 |     4 |     8 |     7 |    48 |       ||    68
       Distracted        |       |       |       |     2 |     9 |     7 ||    18
       Confused          |       |       |       |       |     1 |       ||     1
  Eat: Chunk             |    17 |    11 |    22 |    83 |   115 |    11 ||   259
       Ration            |       |       |       |       |     9 |     5 ||    14
Armor: Skin              |       |    11 |     9 |    19 |    32 |    11 ||    82
Dodge: Dodged            |    85 |   104 |   196 |   677 |  1496 |   201 ||  2759

Table legend:
 A = Non-vault XP
 B = Vault XP
 C = Vault XP percentage of total XP
 D = Non-vault monster count
 E = Vault monster count
 F = Vault count percentage of total count
                 A         B        C        D         E       F
            +---------+---------+-------+---------+---------+-------
      Total |  184848 |   95890 |  34.2 |     791 |     268 |  25.3
            +---------+---------+-------+---------+---------+-------
        D:1 |      53 |       0 |   0.0 |      28 |       0 |   0.0
        D:2 |      99 |     241 |  70.9 |      30 |       6 |  16.7
        D:3 |      91 |     550 |  85.8 |      21 |       5 |  19.2
        D:4 |     422 |       0 |   0.0 |      28 |       0 |   0.0
        D:5 |     404 |     350 |  46.4 |      11 |      13 |  54.2
        D:6 |     326 |       5 |   1.5 |       9 |       1 |  10.0
        D:7 |    1085 |     432 |  28.5 |      16 |       3 |  15.8
        D:8 |    1818 |     124 |   6.4 |      23 |       1 |   4.2
        D:9 |    2263 |       0 |   0.0 |      20 |       0 |   0.0
       D:10 |    1272 |     651 |  33.9 |      19 |       7 |  26.9
       D:11 |    3701 |     903 |  19.6 |      60 |       4 |   6.2
       D:12 |    3404 |       0 |   0.0 |      20 |       0 |   0.0
       D:13 |    5178 |    5523 |  51.6 |      29 |      12 |  29.3
       D:14 |    9382 |     872 |   8.5 |      30 |       2 |   6.2
       D:15 |   11742 |    3468 |  22.8 |      30 |       8 |  21.1
     Lair:1 |    3750 |    5318 |  58.6 |      15 |       6 |  28.6
     Lair:2 |    5059 |     623 |  11.0 |      17 |       4 |  19.0
     Lair:3 |    2979 |       0 |   0.0 |      12 |       0 |   0.0
     Lair:4 |    7519 |    5837 |  43.7 |      31 |       8 |  20.5
     Lair:5 |    6564 |    3465 |  34.5 |      27 |      10 |  27.0
     Lair:6 |    8699 |    9998 |  53.5 |      29 |      39 |  57.4
    Swamp:1 |    8709 |       0 |   0.0 |      23 |       0 |   0.0
    Swamp:2 |    9045 |       0 |   0.0 |      22 |       0 |   0.0
    Swamp:3 |    8811 |       0 |   0.0 |      22 |       0 |   0.0
    Swamp:4 |   11904 |   11319 |  48.7 |      27 |      17 |  38.6
    Snake:1 |    7926 |    5197 |  39.6 |      20 |       5 |  20.0
    Snake:2 |    6017 |       0 |   0.0 |      10 |       0 |   0.0
    Snake:3 |   22852 |    1473 |   6.1 |      43 |       1 |   2.3
    Snake:4 |   26949 |   20583 |  43.3 |      45 |      40 |  47.1
      Orc:1 |    1154 |       0 |   0.0 |      20 |       0 |   0.0
      Orc:2 |    5671 |   17617 |  75.6 |      54 |      72 |  57.1
      IceCv |       0 |    1341 | 100.0 |       0 |       4 | 100.0
            +---------+---------+-------+---------+---------+-------
